 Seeded DCSS version 0.28-a0-628-g3c9886e45e (webtiles) character file.

Game seed: 34565 (custom seed)

15430 a11behringer the Basher (level 12, -9/100 HPs)
             Began as a Palentonga Berserker on Oct 9, 2021.
             Was an Elder of Trog.
             Mangled by a skeletal warrior (16 damage)
             ... led by a death knight
             ... on level 12 of the Dungeon.
             The game lasted 00:54:45 (10540 turns).

a11behringer the Basher (Palentonga Berserker)     Turns: 10540, Time: 00:54:46

Health: -9/100     AC: 29    Str: 22    XL:     12   Next: 1%
Magic:  12/12      EV:  8    Int:  8    God:    Trog [****..]
Gold:   403        SH:  0    Dex: 13    Spells: 11/11 levels left

rFire   + . .      SeeInvis +   z - +3 whip (freeze)
rCold   . . .      Faith    .   (no shield)
rNeg    . . .      Spirit   .   C - +1 scale mail {Will+}
rPois   .          Reflect  .   O - +0 helmet
rElec   .          Harm     .   y - +0 cloak {Will+}
rCorr   .          Rampage  .   j - +2 pair of gloves
Will    +++..                   f - +1 barding {rF+}
Stlth   ..........              c - amulet of regeneration
HPRegen 1.26/turn               K - ring of willpower
MPRegen 0.13/turn               (no ring)

@: on berserk cooldown, slowed, curled up, very slow
A: large, rugged brown scales 3, see invisible, deformed body, roll 1, armoured
tail, reflexive curl
a: Rolling Charge, Renounce Religion, Berserk, Trog's Hand, Brothers in Arms


You were on level 12 of the Dungeon.
You worshipped Trog.
Trog was greatly pleased with you.
You visited 2 branches of the dungeon, and saw 13 of its levels.

You collected 678 gold pieces.
You spent 275 gold pieces at shops.

Inventory:

Hand Weapons
 m - a +2 whip of venom
 p - a +1 flail of protection
 q - a +3 fustibalus of flaming
 r - a +0 morningstar of protection
 z - a +3 whip of freezing (weapon)
 A - a +2 whip of flaming
 E - a +3 mace
Missiles
 d - 118 bolts
 n - a throwing net
 t - 5 boomerangs
 F - 33 sling bullets
Armour
 f - a +1 barding of fire resistance (worn)
 j - a +2 pair of gloves (worn)
 u - a +0 chain mail
 y - a +0 cloak of willpower (worn)
 C - a +1 scale mail of willpower (worn)
 D - a +0 troll leather armour
 H - +0 steam dragon scales
 O - a +0 helmet (worn)
 P - +0 acid dragon scales
Jewellery
 c - an amulet of regeneration (around neck)
 K - a ring of willpower (left hand)
Wands
 b - a wand of paralysis (10)
 l - a wand of acid (15)
 G - a wand of iceblast (5)
 L - a wand of polymorph (18)
Scrolls
 a - a scroll of vulnerability
 g - 2 scrolls of enchant weapon
 i - 6 scrolls of teleportation
 s - a scroll of acquirement
 B - 2 scrolls of magic mapping {unknown}
 N - 2 scrolls of fog {unknown}
 Q - 3 scrolls of identify
 R - a scroll of fear
Potions
 e - 2 potions of degeneration
 k - 4 potions of brilliance
 o - 4 potions of mutation
 w - 3 potions of curing
 x - a potion of attraction {unknown}
 I - a potion of lignification
 J - a potion of cancellation {unknown}
 M - 2 potions of flight {unknown}
Miscellaneous
 h - a tin of tremorstones (2/2)
 v - a phial of floods


   Skills:
 + Level 8.5 Fighting
 * Level 13.1 Maces & Flails
 * Level 8.7 Armour
 + Level 6.6 Dodging


You had 11 spell levels left.
You didn't know any spells.
Your spell library was empty.

Dungeon Overview and Level Annotations

Branches:
Dungeon (12/15)            Temple (1/1) D:5            Lair (0/6) D:11
    Orc (0/2) D:11

Altars:
Ashenzari
Cheibriados
Dithmenos
Elyvilon
Fedhas
Gozag
Hepliaklqana
Kikubaaqudgha
Makhleb
Nemelex Xobeh
Okawaru
Qazlal
Ru
Sif Muna
Trog
Uskayaw
Vehumet
Wu Jian
Xom
Yredelemnul
Zin
The Shining One

Shops:
D:2 [   D:4 =   D:11 (

Annotations:
D:10 2 transporters, pentaflop's ghost, novice DsBe
D:12 2 transporters, heikuro's ghost, journeyman MiFi


Innate Abilities, Weirdness & Mutations

You are completely covered in rugged brown scales. (AC +3, +7% HP)
You have supernaturally acute eyesight. (SInv)
Armour fits poorly on your strangely shaped body.
You can roll at nearby foes to attack.
You have a long armoured tail.
You curl defensively after being hit.


Message History

The skeletal warrior is severely damaged.
The skeletal warrior hits you but does no damage.
You hit the skeletal warrior but do no damage.
The skeletal warrior is severely damaged.
The skeletal warrior hits you but does no damage.
You closely miss the skeletal warrior.
The skeletal warrior is severely damaged.
You hit the skeletal warrior. You tail-slap the skeletal warrior.
The skeletal warrior is severely damaged.
The skeletal warrior hits you with a +0 hand axe.
* * * LOW HITPOINT WARNING * * *
You hit the skeletal warrior but do no damage.
You tail-slap the skeletal warrior.
The skeletal warrior is severely damaged.
The skeletal warrior hits you but does no damage.
You hit the skeletal warrior. You freeze the skeletal warrior.
The skeletal warrior is almost destroyed.
The skeletal warrior hits you but does no damage.
You hit the skeletal warrior but do no damage.
The skeletal warrior is almost destroyed.
You closely miss the skeletal warrior.
The skeletal warrior is almost destroyed.
The skeletal warrior barely misses you.
You hit the skeletal warrior.
The skeletal warrior is almost destroyed.
The skeletal warrior hits you with a +0 hand axe.
* * * LOW HITPOINT WARNING * * *
You hit the skeletal warrior. You freeze the skeletal warrior.
The skeletal warrior is almost destroyed.
The skeletal warrior hits you but does no damage.
You hit the skeletal warrior but do no damage.
The skeletal warrior is almost destroyed.
You hit the skeletal warrior but do no damage.
The skeletal warrior is almost destroyed.
The skeletal warrior hits you with a +0 hand axe.
* * * LOW HITPOINT WARNING * * *
You hit the skeletal warrior but do no damage.
The skeletal warrior is almost destroyed.
The skeletal warrior hits you with a +0 hand axe!
You die...

..............# #....#
..#........#..# #....#
####..##.)##..# #....#
.........#....#####....#
.........#.............#
#######..#.............#
#.....#..#.............#
+.....#..#.............#
#....>#..#.....)@......#
##'####..#.....z########
.........#......#
.........#......#
.........#......#
.........#......#
.........#......# #####
.........#......#
####Pā™£ā‰ˆ##
.........#..)...#
#....ā‰ˆPā‰ˆ#


You could see a skeletal warrior.

Vanquished Creatures
  A boulder beetle (D:12)
  3 two-headed ogres
  2 tengu warriors (D:10)
  A death knight (D:12)
  A skeletal warrior (D:12)
  Pikel (D:6)
  A manticore (D:11)
  Joseph (D:7)
  A kobold demonologist (D:12)
  2 trolls
  5 slime creatures (D:12)
  2 shadows
  3 wraiths
  A water elemental (D:11)
  A wyvern (D:10)
  A steam dragon (D:7)
  Menkaure (D:7)
  An acid dragon (D:10)
  2 wargs (D:11)
  Duvessa (D:7)
  4 orc warriors
  3 black bears (D:6)
  A sky beast (D:6)
  2 necrophages
  2 ice beasts
  9 centaurs
  Blork the orc (D:5)
  A lemure (D:6)
  2 phantoms
  4 bullfrogs
  5 kobold brigands
  A gnoll sergeant (D:9)
  A water moccasin zombie (D:7)
  A scorpion (D:7)
  Dowan (D:7)
  A water moccasin skeleton (D:5)
  9 wights
  2 electric eels (D:12)
  2 howler monkeys
  5 centaur zombies
  7 orc priests
  4 hounds
  2 jellies
  Crazy Yiuf (D:7)
  A centaur skeleton (D:7)
  3 bullfrog skeletons
  2 iguanas
  8 orc wizards
  A killer bee zombie (D:9)
  A howler monkey zombie (D:9)
  8 adders
  13 gnolls
  A white imp (D:3)
  An ufetubus (D:5)
  An adder skeleton (D:4)
  3 worms
  2 dart slugs
  45 orcs
  10 endoplasms
  2 giant cockroaches (D:4)
  8 goblins
  9 hobgoblins
  10 jackals
  3 quokkas
  7 ball pythons
  11 bats
  6 frilled lizards
  9 kobolds
  5 rats
273 creatures vanquished.

Vanquished Creatures (collateral kills)
  A boulder beetle (D:12)
  A skeletal warrior (D:12)
  3 kobolds (D:8)
5 creatures vanquished.

Vanquished Creatures (others)
  17 plants
  4 toadstools (D:1)
21 creatures vanquished.

Grand Total: 299 creatures vanquished

Notes
Turn   | Place    | Note
-------+----------+-------------------------------------------
     0 | D:1      | a11behringer the Palentonga Berserker began the quest for
                  | the Orb.
     0 | D:1      | Reached XP level 1. HP: 19/19 MP: 1/1
   171 | D:1      | Reached XP level 2. HP: 25/25 MP: 2/2
   309 | D:1      | Found a faded altar of an unknown god.
   661 | D:1      | Reached XP level 3. HP: 31/31 MP: 3/3
   769 | D:1      | Reached skill level 4 in Maces & Flails
   881 | D:2      | Reached ** piety under Trog
  1434 | D:2      | Found Saxet's Armour Shoppe.
  1591 | D:2      | Reached XP level 4. HP: 37/37 MP: 4/4
  1965 | D:3      | Reached skill level 5 in Maces & Flails
  1967 | D:3      | Reached XP level 5. HP: 43/43 MP: 5/5
  2167 | D:3      | Reached *** piety under Trog
  2250 | D:3      | Found a burning altar of Makhleb.
  2260 | D:3      | Noticed an Executioner
  2749 | D:4      | Reached skill level 6 in Maces & Flails
  2749 | D:4      | Reached XP level 6. HP: 51/51 MP: 6/6
  2928 | D:4      | Found Cigoruv's Jewellery Shop.
  3038 | D:4      | Identified a scroll of acquirement
  3038 | D:4      | Acquired a +0 barding of fire resistance
  3160 | D:4      | Noticed an orc warrior
  3172 | D:4      | Killed an orc warrior
  3180 | D:4      | Gained mutation: You curl defensively after being hit.
                  | [Palentonga growth]
  3180 | D:4      | Reached XP level 7. HP: 57/57 MP: 7/7
  3209 | D:4      | Reached skill level 7 in Maces & Flails
  3399 | D:5      | Entered Level 5 of the Dungeon
  3631 | D:5      | Found an ancient bone altar of Kikubaaqudgha.
  3671 | D:5      | Reached skill level 8 in Maces & Flails
  3737 | D:5      | Reached XP level 8. HP: 39/65 MP: 8/8
  3848 | D:5      | Noticed Blork the orc
  3858 | D:5      | Killed Blork the orc
  3927 | D:5      | Found a staircase to the Ecumenical Temple.
  3951 | Temple   | Entered the Ecumenical Temple
  4446 | D:6      | Reached skill level 5 in Fighting
  4452 | D:6      | Found a sacrificial altar of Ru.
  4484 | D:6      | Reached skill level 9 in Maces & Flails
  4597 | D:6      | Reached **** piety under Trog
  4695 | D:6      | Noticed Pikel
  4711 | D:6      | Killed Pikel
  4712 | D:6      | Reached XP level 9. HP: 72/72 MP: 9/9
  4741 | D:6      | Reached skill level 10 in Maces & Flails
  5664 | D:2      | Bought a +0 cloak of willpower for 115 gold pieces
  5664 | D:2      | Bought a +1 scale mail of willpower for 160 gold pieces
  5814 | D:7      | Found an opulent altar of Gozag.
  5874 | D:7      | Noticed Joseph
  5891 | D:7      | Killed Joseph
  5922 | D:7      | Reached skill level 5 in Dodging
  6014 | D:7      | Reached skill level 11 in Maces & Flails
  6051 | D:7      | Noticed Menkaure
  6060 | D:7      | Killed Menkaure
  6095 | D:7      | Found a runed translucent door.
  6096 | D:7      | Noticed Crazy Yiuf
  6120 | D:7      | Killed Crazy Yiuf
  6246 | D:7      | Reached XP level 10. HP: 82/82 MP: 10/10
  6250 | D:7      | Noticed Duvessa
  6251 | D:7      | Noticed Dowan
  6263 | D:7      | Killed Duvessa
  6271 | D:7      | Killed Dowan
  6767 | D:8      | Noticed a two-headed ogre
  6777 | D:7      | Killed a two-headed ogre
  6778 | D:7      | Reached skill level 5 in Armour
  8022 | D:9      | Found a sparkling altar of Nemelex Xobeh.
  8086 | D:9      | Reached ***** piety under Trog
  8284 | D:10     | Entered Level 10 of the Dungeon
  8306 | D:10     | Noticed a tengu warrior
  8307 | D:10     | Noticed a tengu warrior
  8326 | D:10     | Killed a tengu warrior
  8327 | D:10     | Reached skill level 12 in Maces & Flails
  8338 | D:10     | Killed a tengu warrior
  8363 | D:10     | Noticed a two-headed ogre
  8374 | D:10     | Killed a two-headed ogre
  8375 | D:10     | Reached XP level 11. HP: 63/89 MP: 11/11
  8697 | D:10     | Found a radiant altar of Vehumet.
  8785 | D:10     | Found a transporter.
  8787 | D:10     | Found a transporter.
  8788 | D:10     | Noticed a tengu warrior
  8791 | D:10     | Noticed pentaflop's ghost (novice DsBe)
  8794 | D:10     | Noticed a two-headed ogre
  8812 | D:10     | Found a bloodstained altar of Trog.
  8996 | D:11     | Identified the +3 rapier of Karma {vorpal, Will- Int+5}
  9084 | D:11     | Found a staircase to the Lair.
  9138 | D:11     | Found a staircase to the Orcish Mines.
  9247 | D:11     | Found a shadowy altar of Dithmenos.
  9327 | D:11     | Found Ukhlufiu's Antique Weapon Shop.
  9421 | D:11     | Noticed a two-headed ogre
  9433 | D:11     | Killed a two-headed ogre
  9836 | D:12     | Noticed a boulder beetle
  9843 | D:12     | Noticed a skeletal warrior
  9890 | D:12     | Killed a skeletal warrior
  9897 | D:12     | Killed a boulder beetle
  9933 | D:12     | Noticed heikuro's ghost (journeyman MiFi)
  9936 | D:12     | Found a transporter.
  9960 | D:12     | Found a transporter.
 10095 | D:12     | Noticed a boulder beetle
 10168 | D:12     | Killed a boulder beetle
 10234 | D:12     | Reached skill level 13 in Maces & Flails
 10314 | D:12     | Noticed a death knight
 10317 | D:12     | Noticed a skeletal warrior
 10317 | D:12     | Noticed a skeletal warrior
 10360 | D:12     | Killed a death knight
 10493 | D:12     | Killed a skeletal warrior
 10494 | D:12     | Reached XP level 12. HP: 69/100 MP: 12/12
 10525 | D:12     | HP: 1/100 [skeletal warrior[a death knight] (12)]
 10531 | D:12     | HP: 5/100 [skeletal warrior[a death knight] (1)]
 10540 | D:12     | Mangled by a skeletal warrior

Illustrated notes

Levels and vault maps discovered:
D:1:      ldierk_walled_garden_2, layout_basic,
          hellmonk_ecumenical_altar_dog_temple, minivault_25
D:2:      layout_basic, serial_shops, shop, grunt_decor_fettered
D:3:      layout_loops_ring, makhleb_altar_promises_db,
          kennysheep_generic_room_16
D:4:      layout_loops_ring, serial_shops, kennysheep_mini
D:5:      layout_loops_ring, general_overflow_altar, minmay_temple_entry_glass,
          serial_bayou, serial_bayou_pond_b, serial_bayou_ford_a,
          serial_bayou_pond_e, serial_bayou_lagoon_a, serial_bayou_shore_b,
          serial_bayou_shore_b, mrwooster_statue_mirror, st_stairs_11,
          uniq_blork_the_orc
D:6:      black_bear_nest_2, layout_gridville, nicolae_ru_awakened_eye,
          minmay_misc_feat_five, grunt_ministairs_12, uniq_pikel
D:7:      layout_loops_cross, nicolae_gozag_seed_capital, uniq_menkaure,
          uniq_crazy_yiuf_cottage, uniq_duvessa, uniq_joseph
D:8:      layout_cave_pools
D:9:      layout_loops_ring, nemelex_xobeh_ov_fountains_minmay, serial_aquarium,
          aquarium_bridge_square [aquarium_subvault_wall,
          aquarium_subvault_bridge, aquarium_subvault_balcony,
          aquarium_subvault_window], aquarium_window_1, aquarium_window_1,
          aquarium_window_1, aquarium_window_3, aquarium_view_2g,
          aquarium_balcony_5b, aquarium_pool_side
D:10:     layout_big_octagon, lemuel_round_altar,
          gammafunk_ghost_wrathful_warriors
D:11:     layout_roguey, erik_lair_orcish_takeover, orc_0_dummy, serial_glass,
          glass_columns_a, glass_columns_a, feat_on_display, item_on_display_a,
          item_on_display_a, due_unseen_surprise, serial_shops, shop,
          grunt_dithmenos_smoke
D:12:     layout_irregular_city, serial_bayou, serial_bayou_shore_a,
          serial_bayou_shore_b, serial_bayou_shore_b, serial_bayou_lake_a,
          gammafunk_ghost_stat_death, st_stairs_5
Temple:   kb_temple_of_zot

Skill      XL: |  1  2  3  4  5  6  7  8  9 10 11 |
---------------+----------------------------------+-----
Maces & Flails | 4 5 6 8 9 11 12 13 | 13.1
Dodging        | 2 3 4 5 6 |  6.6
Fighting       | 4 5 6 7 8 |  8.5
Armour         | 2 3 4 6 8 |  8.7

Action                   |  1- 3 |  4- 6 |  7- 9 | 10-12 || total
-------------------------+-------+-------+-------+-------++-------
Melee: Mace              |   111 |    24 |       |       ||   135
       Tailslap          |    12 |    21 |    58 |   131 ||   222
       Whip              |       |   190 |   362 |   742 ||  1294
Invok: Trog's Hand       |       |     4 |     4 |    10 ||    18
       Berserk           |       |     2 |     2 |     7 ||    11
       Brothers in Arms  |       |       |       |     2 ||     2
 Abil: Rolling Charge    |       |     2 |     1 |     1 ||     4
  Use: Scroll            |       |     4 |     3 |     8 ||    15
       Potion            |       |       |       |     3 ||     3
 Stab: Sleeping          |     3 |       |       |       ||     3
       Distracted        |       |       |       |     1 ||     1
Armor: Animal skin       |    75 |    65 |   149 |       ||   289
       Scale mail        |       |       |    51 |   496 ||   547
Dodge: Dodged            |    76 |   104 |   151 |   217 ||   548

Table legend: (Time is in decaauts)
 A = Elapsed time spent in this place.
 B = Non-inter-level travel time spent in this place.
 C = Inter-level travel time spent in this place.
 D = Time resting spent in this place.
 E = Time spent auto-exploring this place.
 F = Levels seen in this place.
 G = Mean time per level.
                   A        B        C        D        E       F      G
               +--------+--------+--------+--------+--------+-----+--------+
         Total |  10220 |   7779 |   2441 |      0 |   5541 |  13 |  786.2 |
       Dungeon |  10113 |   7687 |   2426 |      0 |   5461 |  12 |  842.8 |
        Temple |    106 |     91 |     15 |      0 |     80 |   1 |  106.0 |
               +--------+--------+--------+--------+--------+-----+--------+

Top non-repeatable levels by time:
     D:2: 1194 daAuts
     D:6: 979 daAuts
     D:7: 976 daAuts
     D:3: 932 daAuts
     D:1: 858 daAuts
    D:11: 852 daAuts
     D:5: 846 daAuts
     D:4: 832 daAuts
     D:9: 823 daAuts
    D:10: 627 daAuts
     D:8: 604 daAuts
    D:12: 586 daAuts
  Temple: 106 daAuts
